 Dungeon Crawl Stone Soup version 0.29.1-1-gd02db6906a (webtiles) character file.

Game seed: 13921529597261107064

200 ILYA101 the Trooper (level 5, 0/42 HPs)
             Began as a Draconian Fighter on Oct 6, 2022.
             Slain by a water moccasin (5 damage)
             ... on level 4 of the Dungeon on Oct 8, 2022.
             The game lasted 00:12:24 (2714 turns).

ILYA101 the Trooper (Draconian Fighter)             Turns: 2714, Time: 00:12:24

Health: 0/42       AC:  7    Str: 20    XL:     5   Next: 49%
Magic:  5/5        EV: 12    Int:  8    God:
Gold:   217        SH:  4    Dex: 11    Spells: 4/4 levels left

rFire   . . .      SeeInvis .   a - +0 trident
rCold   . . .      Faith    .   b - +0 buckler
rNeg    . . .      Spirit   .   (body armour unavailable)
rPois   .          Reflect  .   n - +1 hat
rElec   .          Harm     .   (no cloak)
rCorr   .          Rampage  .   (no gloves)
Will    .....      Clarity  +   k - +0 pair of boots
Stlth   +.........              (no amulet)
HPRegen 0.14/turn               (no ring)
MPRegen 0.09/turn               (no ring)

@: lethally poisoned (0 -> -11)
A: AC +5, unfitting armour, cold-blooded, horns 1, clarity, frail 1, MP-powered
wands
a: no special abilities


You were on level 4 of the Dungeon.
You visited 1 branch of the dungeon, and saw 4 of its levels.

You collected 217 gold pieces.

Inventory:

Hand Weapons
 a - a +0 trident (weapon)
Armour
 b - a +0 buckler (worn)
 k - a +0 pair of boots (worn)
 n - a +1 hat (worn)
Scrolls
 g - 3 scrolls of poison {unknown}
 j - a scroll of butterflies {unknown}
 l - a scroll of noise {unknown}
 m - a scroll of magic mapping {unknown}
Potions
 c - a potion of might
 d - a potion of heal wounds
 e - 2 potions of magic {unknown}
 f - 2 potions of brilliance
 h - a potion of flight
 i - a potion of invisibility {unknown}
 o - a potion of cancellation {unknown}


   Skills:
 * Level 4.9 Fighting
 + Level 2.9 Polearms
 + Level 3.5 Dodging
 + Level 4.1 Shields


You had 4 spell levels left.
You didn't know any spells.
Your spell library contained the following spells:

 Spells                   Type           Power      Damage    Failure   Level
 Apportation              Tloc           0%         N/A       50%         1
 Magic Dart               Conj           0%         1d3       50%         1
 Necrotise                Necr           0%         1d4       50%         1
 Summon Small Mammal      Summ           0%         N/A       50%         1
 Ensorcelled Hibernation  Hex/Ice        0%         N/A       63%         2
 Passwall                 Tmut/Erth      0%         N/A       63%         2
 Swiftness                Air            0%         N/A       86%         3


Dungeon Overview and Level Annotations

Branches:
Dungeon (4/15)
 Temple: D:4-7

Altars:
Cheibriados
Fedhas
Qazlal
Vehumet

Annotations:
D:3 2 transporters
D:4 Eustachio


Innate Abilities, Weirdness & Mutations

Your plain brown scales are hard. (AC +5)
You cannot fit into any form of body armour.
You are cold-blooded and may be slowed by cold attacks.
You have a pair of small horns on your head.
You possess an exceptional clarity of mind.
You are frail. (-10% HP)
You expend magic power (3 MP) to strengthen your wands.


Message History

Unknown command.
Saving game... please wait.
Welcome back, ILYA101 the Draconian Fighter.
Press ? for a list of commands and other information.
Welcome back, ILYA101 the Draconian Fighter.
Press ? for a list of commands and other information.
HP restored.
Eustachio the Magnificent comes into view.
He is wielding a +1 falchion of holy wrath.
Eustachio gestures wildly while chanting.
Eustachio blinks!
There is a stone staircase leading up here.
Eustachio gestures wildly while chanting.
Eustachio blinks!
You climb upwards.
Level annotation: 2 transporters
There is a stone staircase leading down here.
There is a stone staircase leading down here.
You climb downwards.
Level annotation: Eustachio The water moccasin hisses angrily.
The ogre shouts!
The goblin shouts!
You hear a shout!
Found 13 gold pieces.
Found a stone staircase leading down.
There is a stone staircase leading up here.
The ogre attacks as you move away!
The ogre hits you with a +0 giant spiked club!!
Ouch! That really hurt!
* * * LOW HITPOINT WARNING * * *
The water moccasin attacks as you move away!
The water moccasin bites you but does no damage.
The water moccasin bites you.
* * * LOW HITPOINT WARNING * * *
You are lethally poisoned!
The water moccasin poisons you!
The water moccasin attacks as you move away!
The water moccasin completely misses you.
* * * LOW HITPOINT WARNING * * *
You feel very sick.
The water moccasin attacks as you move away!
The water moccasin bites you.
You die...

...........## ..
........... . #.
g.......# . ..
#......## .# . .
##.......##.#.#
...#.............#
.......<.# ......#
.......$O##....#
.........S@..#
.........#.#..#
### .......#####
.# #.. ##>.... ..
##. ##.... ## ...
##... ##. #.. ...
... ....


You could see a water moccasin and an ogre.

Vanquished Creatures
  A black bear (D:3)
  An orc wizard (D:4)
  An adder (D:3)
  A worm (D:4)
  A dart slug (D:1)
  9 orcs
  4 ball pythons
  5 endoplasms
  7 giant cockroaches
  8 hobgoblins
  2 quokkas
  8 bats
  5 frilled lizards
  5 goblins
  5 kobolds
  3 rats
66 creatures vanquished.

Vanquished Creatures (others)
  A fungus (D:3)
  5 plants (D:3)
6 creatures vanquished.

Grand Total: 72 creatures vanquished

Notes
Turn   | Place    | Note
-------+----------+-------------------------------------------
     0 | D:1      | ILYA101 the Draconian Fighter began the quest for the Orb.
     0 | D:1      | Reached XP level 1. HP: 19/19 MP: 1/1
   220 | D:1      | Reached XP level 2. HP: 26/26 MP: 2/2
   695 | D:2      | Gained mutation: You have hidden genetic potential. [potion
                  | of mutation]
   695 | D:2      | Gained mutation: You are frail. (-10% HP) [potion of
                  | mutation]
   695 | D:2      | Gained mutation: You expend magic power (3 MP) to
                  | strengthen your wands. [potion of mutation]
   715 | D:2      | Reached XP level 3. HP: 28/29 MP: 3/3
  1349 | D:3      | Found a snail-covered altar of Cheibriados.
  1349 | D:3      | Found a transporter.
  1350 | D:3      | Found a stormy altar of Qazlal.
  1351 | D:3      | Found a blossoming altar of Fedhas.
  1351 | D:3      | Noticed a wight
  1356 | D:3      | Found a transporter.
  1398 | D:3      | Noticed a black bear
  1406 | D:3      | Killed a black bear
  1407 | D:3      | Reached XP level 4. HP: 26/36 MP: 4/4
  1407 | D:3      | Gained mutation: You possess an exceptional clarity of
                  | mind. [hidden potential]
  1421 | D:3      | Found a radiant altar of Vehumet.
  1536 | D:3      | Reached XP level 5. HP: 36/42 MP: 5/5
  2030 | D:3      | Found a faded altar of an unknown god.
  2034 | D:3      | Got Plato's Secrets of Concussion
  2609 | D:4      | Gained mutation: You have a pair of small horns on your
                  | head. [hidden potential]
  2609 | D:4      | Lost mutation: You have hidden genetic potential. [hidden
                  | potential expressed]
  2669 | D:4      | Noticed Eustachio
  2710 | D:4      | Noticed a water moccasin
  2710 | D:4      | Noticed an ogre
  2714 | D:4      | Slain by a water moccasin

Illustrated notes

Levels and vault maps discovered:
D:1:      saegor_arrival_miasma, layout_basic
D:2:      layout_basic, chequers_serial_rivers_micro_c, skrybe_limestone_x
D:3:      layout_basic, old_standard_altar, gammafunk_temple_overflow_arena,
          shapermc_ecumenical_altar_rom_forum
D:4:      due_chaos_kobolds, layout_cave_pools, okawaru_trees_1,
          lemuel_round_altar, uniq_eustachio

Skill      XL: |  1  2  3  4  5 |
---------------+----------------+-----
Dodging        | 3 |  3.5
Fighting       | 4 |  4.9
Shields        | 4 |  4.1
Polearms       | |  2.9

Action                   |  1- 3 |  4- 6 || total
-------------------------+-------+-------++-------
Melee: Trident           |   100 |   102 ||   202
       Tailslap          |     4 |    11 ||    15
  Use: Scroll            |     4 |       ||     4
       Potion            |     1 |       ||     1
 Stab: Sleeping          |     1 |       ||     1
Armor: Skin              |    22 |    29 ||    51
Dodge: Dodged            |    43 |    51 ||    94
Block: Buckler           |    21 |    19 ||    40
